 Dungeon Crawl Stone Soup version 0.27-a0-1185-ga233589e6f (webtiles) character file.

Game seed: 10165732918515053394

1353 Ijustatesigmund the Cleaver (level 8, -10/73 HPs)
             Began as a Hill Orc Fighter on May 19, 2021.
             Was an Initiate of Cheibriados.
             Mangled by a hornet (11 damage)
             ... on level 5 of the Dungeon.
             The game lasted 00:08:58 (6442 turns).

Ijustatesigmund the Cleaver (Hill Orc Fighter)      Turns: 6442, Time: 00:09:00

Health: -10/73     AC:  9    Str: 20    XL:     8   Next: 63%
Magic:  10/10      EV:  8    Int:  9    God:    Cheibriados [......]
Gold:   1320       SH: 11    Dex: 13    Spells: 7/7 levels left

rFire    . . .     SeeInvis .   a - +1 war axe
rCold    . . .     Faith    .   c - +1 kite shield
rNeg     . . .     Spirit   .   b - +0 scale mail
rPois    .         Reflect  .   (no helmet)
rElec    .         Harm     .   (no cloak)
rCorr    .         Rampage  .   h - +1 pair of gloves
Will     .....                  (no boots)
Stlth    ..........             (no amulet)
HPRegen  0.22/turn              (no ring)
MPRegen  0.12/turn              (no ring)

@: lethally poisoned (-10 -> -14), slowed, very slow
A: no striking features
a: Renounce Religion, Bend Time


You were on level 5 of the Dungeon.
You worshipped Cheibriados.
Cheibriados was noncommittal.
You visited 2 branches of the dungeon, and saw 7 of its levels.

You collected 1320 gold pieces.

Inventory:

Hand Weapons
 a - a +1 war axe (weapon)
Armour
 b - a +0 scale mail (worn)
 c - a +1 kite shield (worn)
 h - a +1 pair of gloves (worn)
Wands
 l - a wand of paralysis (5)
Scrolls
 e - a scroll of magic mapping
 i - a scroll of teleportation
Potions
 d - a potion of might
 f - 2 potions of flight
 g - a potion of attraction
 j - 2 potions of cancellation
 k - a potion of heal wounds
 m - 2 potions of degeneration {unknown}


   Skills:
 + Level 7.3 Fighting
 + Level 8.8 Axes
 - Level 4.8 Armour
 + Level 1.9 Dodging
 - Level 4.8 Shields
 + Level 3.2 Invocations


You had 7 spell levels left.
You didn't know any spells.
Your spell library contained the following spells:

 Spells                   Type           Power      Damage    Failure   Level
 Animate Skeleton         Necr           0%         N/A       99%         1
 Apportation              Tloc           0%         N/A       99%         1
 Corona                   Hex            0%         N/A       99%         1
 Summon Small Mammal      Summ           0%         N/A       99%         1


Dungeon Overview and Level Annotations

Branches:
Dungeon (6/15)             Temple (1/1) D:5

Altars:
Ashenzari
Cheibriados
Dithmenos
Elyvilon
Fedhas
Hepliaklqana
Kikubaaqudgha
Makhleb
Nemelex Xobeh
Okawaru
Qazlal
Ru
Sif Muna
Trog
Uskayaw
Vehumet
Wu Jian
Xom
Yredelemnul
Zin
The Shining One

Shops:
D:6 *

Annotations:
D:6 2 runed translucent doors


Message History

The hornet stings you.
You are poisoned.
You feel yourself slow down.
An ogre comes into view. It is wielding a +0 giant club.
You block the hornet's attack.
You feel very sick. The hornet stings you!
You feel as though you will be slow longer.
The hornet stings you.
You suddenly lose the ability to move!
You can move again.
You feel very sick. The hornet stings you.
You are more poisoned.
You feel as though you will be slow longer.
The hornet barely misses you.
You feel extremely sick. The hornet stings you.
You feel as though you will be slow longer.
The hornet stings you.
You are more poisoned.
You feel as though you will be slow longer.
There is a stone staircase leading up here.
You feel very sick. You block the hornet's attack.
The hornet barely misses you.
You climb upwards.
You feel very sick.
There is a stone staircase leading down, spattered with blood here.
Aiming: Paralyse
Press: ? - help, Shift-Dir - straight line, f - hornet
Aim: a hornet (severely wounded, chance to affect: 37%)
The hornet easily resists.
You feel sick. The hornet barely misses you. You block the hornet's attack.
Aiming: Paralyse
Press: ? - help, Shift-Dir - straight line, f/p - hornet
Aim: a hornet (severely wounded, chance to affect: 37%)
The hornet easily resists.
You feel sick. The hornet stings you!
* * * LOW HITPOINT WARNING * * *
You feel as though you will be slow longer.
The hornet stings you!
You die...

.......#.#####.#####
...................#
##..##.#...#.......#
###.......##.......#
.####.....##.......#
.# ##.#............#
.# #..#....#.......#
)###.##..###.......#
###......# #....@y.#
##....#..# #.......#
...###...# #########
##.# #.#.#
##.###...#
#.......###
..##......#
#.##......#
#.##......#


You could see a hornet.

Vanquished Creatures
  A water moccasin (D:6)
  Duvessa (D:6)
  A sky beast (D:6)
  An ice beast (D:5)
  2 necrophages
  2 scorpions (D:5)
  A gnoll sergeant (D:5)
  Dowan (D:6)
  2 centaur zombies
  A gnoll shaman (D:3)
  A hound (D:5)
  A bullfrog skeleton (D:6)
  A bullfrog zombie (D:3)
  An iguana (D:4)
  14 gnolls
  10 adders
  2 adder skeletons (D:4)
  A worm (D:2)
  5 dart slugs
  6 orcs
  6 ball pythons
  5 bats
  11 endoplasms
  3 giant cockroaches
  4 hobgoblins
  14 jackals
  6 kobolds
  2 quokkas
  3 frilled lizards
  5 goblins
  17 rats
131 creatures vanquished.

Vanquished Creatures (others)
  4 plants (D:1)
4 creatures vanquished.

Grand Total: 135 creatures vanquished

Notes
Turn   | Place    | Note
-------+----------+-------------------------------------------
     0 | D:1      | Ijustatesigmund the Hill Orc Fighter began the quest for
                  | the Orb.
     0 | D:1      | Reached XP level 1. HP: 19/19 MP: 1/1
    24 | D:1      | Reached skill level 3 in Axes
    52 | D:1      | Reached XP level 2. HP: 18/27 MP: 2/2
   262 | D:1      | Found a faded altar of an unknown god.
   325 | D:1      | Reached skill level 4 in Axes
   331 | D:1      | Reached XP level 3. HP: 28/33 MP: 3/3
  1212 | D:2      | Identified a scroll of acquirement
  1212 | D:2      | Acquired 998 gold pieces
  1319 | D:2      | Reached XP level 4. HP: 36/41 MP: 4/4
  1420 | D:2      | Reached skill level 5 in Axes
  1981 | D:4      | Noticed a necrophage
  1998 | D:4      | Killed a necrophage
  1999 | D:4      | Reached skill level 5 in Fighting
  1999 | D:4      | Reached skill level 6 in Axes
  1999 | D:4      | Reached XP level 5. HP: 38/48 MP: 5/5
  2251 | D:4      | Reached XP level 6. HP: 47/56 MP: 6/6
  2586 | D:3      | Reached skill level 7 in Axes
  3090 | D:4      | Found a stormy altar of Qazlal.
  3095 | D:4      | Found an ornate altar of the Wu Jian Council.
  3095 | D:4      | Found a white marble altar of Elyvilon.
  3096 | D:4      | Found a hide-covered altar of Uskayaw.
  3097 | D:4      | Found a shimmering blue altar of Sif Muna.
  3908 | D:4      | Reached XP level 7. HP: 52/62 MP: 7/7
  3974 | D:5      | Entered Level 5 of the Dungeon
  4445 | D:5      | Found a staircase to the Ecumenical Temple.
  4630 | D:5      | Reached skill level 8 in Axes
  4630 | D:5      | Reached XP level 8. HP: 48/71 MP: 8/8
  5104 | Temple   | Entered the Ecumenical Temple
  5331 | Temple   | Became a worshipper of Cheibriados the Contemplative
  5393 | D:6      | Reached skill level 1 in Invocations
  5504 | D:6      | Noticed a two-headed ogre
  5509 | D:6      | Found a runed translucent gate.
  5510 | D:6      | Found a runed translucent gate.
  5530 | D:5      | Reached skill level 1 in Dodging
  5965 | D:6      | Noticed Dowan
  5987 | D:6      | Killed Dowan
  6039 | D:6      | Noticed Duvessa
  6055 | D:6      | Killed Duvessa
  6421 | D:6      | Found Fato's Serpentskin Sales.
  6431 | D:6      | Noticed a hornet
  6436 | D:6      | Paralysed by a hornet for 2 turns
  6442 | D:5      | HP: 1/73 [hornet (9)]
  6442 | D:5      | Mangled by a hornet

Illustrated notes

Levels and vault maps discovered:
D:1:      wander_arrival_desolate, layout_rooms, serial_forest,
          infiniplex_forest_lined_ring, infiniplex_forest_clump_double,
          infiniplex_forest_end_2, infiniplex_forest_split,
          infiniplex_forest_clump_C, infiniplex_forest_end_1,
          infiniplex_forest_end_2, infiniplex_forest_end_1,
          infiniplex_forest_clump_large, hellmonk_ecumenical_altar_heavens_door
D:2:      layout_basic, minmay_rat_gold_closets
D:3:      layout_rooms, grunt_decor_junction
D:4:      layout_rooms, grunt_temple_overflow_open, roderic_roman_lattice,
          kennysheep_generic_room_10
D:5:      layout_rooms, minmay_temple_entry_offerings
D:6:      layout_rooms, kennysheep_mini_moat, gammafunk_ghost_necromancy,
          guppyfry_shop_venom, uniq_duvessa, uniq_prince_ribbit1
Temple:   eino_temple_scatter_basement

Skill      XL: |  1  2  3  4  5  6  7  8 |
---------------+-------------------------+-----
Axes           | 3 4 6 7 8 |  8.8
Fighting       | 4 5 6 7 |  7.3
Armour         | 4 |  4.8
Shields        | 4 |  4.8
Invocations    | 3 |  3.2
Dodging        | 1 |  1.9

Action                   |  1- 3 |  4- 6 |  7- 9 || total
-------------------------+-------+-------+-------++-------
Melee: War axe           |   122 |   203 |   141 ||   466
Evoke: Wand              |       |       |     6 ||     6
  Use: Scroll            |     4 |     7 |     3 ||    14
       Potion            |       |       |     2 ||     2
 Stab: Paralysed         |       |       |     7 ||     7
Armor: Scale mail        |    66 |    97 |    82 ||   245
Dodge: Dodged            |    42 |    64 |    66 ||   172
Block: Kite shield       |    76 |   109 |    91 ||   276

Table legend: (Time is in decaauts)
 A = Elapsed time spent in this place.
 B = Non-inter-level travel time spent in this place.
 C = Inter-level travel time spent in this place.
 D = Time resting spent in this place.
 E = Time spent auto-exploring this place.
 F = Levels seen in this place.
 G = Mean time per level.
                   A        B        C        D        E       F      G
               +--------+--------+--------+--------+--------+-----+--------+
         Total |   6726 |   6512 |    214 |   2181 |   3132 |   7 |  960.9 |
       Dungeon |   6473 |   6316 |    157 |   2181 |   2937 |   6 | 1078.8 |
        Temple |    252 |    196 |     56 |      0 |    195 |   1 |  252.0 |
               +--------+--------+--------+--------+--------+-----+--------+

Top non-repeatable levels by time:
     D:3: 1393 daAuts
     D:5: 1321 daAuts
     D:4: 1286 daAuts
     D:1: 867 daAuts
     D:2: 867 daAuts
     D:6: 737 daAuts
  Temple: 252 daAuts
